 Dungeon Crawl Stone Soup version 0.30-a0-374-g95c0257040 (webtiles) character file.

Game seed: 3973481975789698370

25902 Nattfarinn the Thaumaturge (level 13, -4/128 HPs)
             Began as a Naga Venom Mage on Nov 24, 2022.
             Was an Elder of Ashenzari.
             Slain by Saint Roka
             ... wielding a +0 great mace
              (39 damage)
             ... on level 2 of the Orcish Mines on Nov 25, 2022.
             The game lasted 01:01:11 (16489 turns).

Nattfarinn the Thaumaturge (Naga Venom Mage)       Turns: 16489, Time: 01:01:11

Health: -4/128     AC: 14    Str: 11    XL:     13   Next: 22%
Magic:  4/32       EV: 11    Int: 24    God:    Ashenzari [****..]
Gold:   1311       SH:  0    Dex: 20    Spells: 30/43 levels left

rFire   . . .      SeeInvis +    x - +9 flail "Daessary" {flame, rC+ Will+ Int-3}
rCold   + . .      Faith    .    (no shield)
rNeg    . . .      Spirit   .    C - +0 steam dragon scales "I Knew You'd Do That" {Elem, Comp} (curse)
rPois   +          Reflect  .    o - +0 helmet of Cremastomancy {Self, Cun} (curse)
rElec   .          Harm     .    f - +1 cloak of the Sublime Shame {Self, Bglg} (curse)
rCorr   .          Rampage  .    c - +4 pair of gloves "I Knew You'd Do That" {Dex+3, Alch, Comp} (curse)
Will    ++...      Clarity  +    (no barding)
Stlth   +++.......               l - amulet "Behold Eternity" {Regen+, Alch, Elem} (curse)
HPRegen 1.21/turn                d - ring of the Prophetic Augurer {Int+6, Melee, Alch} (curse)
MPRegen 0.23/turn                p - ring of Ashenzari's Burden {Dex+6, Range, Comp} (curse)

@: very slow
A: AC +4, large, see invisible, deformed body, poison resistance, slowness 2,
spit poison 1, naga tail 2
a: Spit Poison, Renounce Religion, Shatter the Chains


You were on level 2 of the Orcish Mines.
You worshipped Ashenzari.
Ashenzari was greatly pleased with you.
You visited 3 branches of the dungeon, and saw 14 of its levels.
You also visited: Sewer.

You collected 1428 gold pieces.
You spent 117 gold pieces at shops.

Inventory:

Hand Weapons
 b - a +1 whip of venom
 x - the +9 flail "Daessary" (weapon) {flame, rC+ Will+ Int-3}
   (You found it on level 6 of the Dungeon)

   It burns those it strikes, dealing additional fire damage.
   Int:       It affects your intelligence (-3).
   rC:        It protects you from cold.
   Will:      It increases your willpower.
Armour
 a - a +0 robe
 c - the cursed +4 pair of gloves "I Knew You'd Do That" (worn) {Dex+3, Alch, Comp}
   (You acquired it on level 6 of the Dungeon)

   Dex:       It affects your dexterity (+3).
   It has a curse which improves the following skills: Alchemy: Poison Magic and
   Transmutations.
   Companions: Summonings and Necromancy.
 f - the cursed +1 cloak of the Sublime Shame (worn) {Self, Bglg}
   (You bought it in a shop on level 4 of the Dungeon)

   It has a curse which improves the following skills: Introspection: Fighting
   and Spellcasting.
   Beguiling: Conjurations, Hexes and Translocations.
 o - the cursed +0 helmet of Cremastomancy (worn) {Self, Cun}
   (You found it on level 9 of the Dungeon)

   It has a curse which improves the following skills: Introspection: Fighting
   and Spellcasting.
   Cunning:   Dodging and Stealth.
 C - the cursed +0 steam dragon scales "I Knew You'd Do That" (worn) {Elem, Comp}
   (You found it on level 8 of the Dungeon)

   It has a curse which improves the following skills: Elements: Fire Magic, Ice
   Magic, Air Magic and Earth Magic.
   Companions: Summonings and Necromancy.
Magical Staves
 K - a staff of conjuration
Jewellery
 d - the cursed ring of the Prophetic Augurer (left hand) {Int+6, Melee, Alch}
   (You found it on level 5 of the Dungeon)

   [ring of intelligence]

   Int:       It affects your intelligence (+6).
   It has a curse which improves the following skills: Melee Combat: Short
   Blades, Long Blades, Axes, Maces & Flails, Polearms, Staves and Unarmed
   Combat.
   Alchemy:   Poison Magic and Transmutations.
 i - a ring of willpower
 l - the cursed amulet "Behold Eternity" (around neck) {Regen+, Alch, Elem}
   (You took it off a gnoll on level 5 of the Dungeon)

   [amulet of regeneration]

   Regen:     It increases your rate of health regeneration.
   It has a curse which improves the following skills: Alchemy: Poison Magic and
   Transmutations.
   Elements:  Fire Magic, Ice Magic, Air Magic and Earth Magic.
 p - the cursed ring of Ashenzari's Burden (right hand) {Dex+6, Range, Comp}
   (You found it on level 3 of the Dungeon)

   [ring of dexterity]

   Dex:       It affects your dexterity (+6).
   It has a curse which improves the following skills: Ranged Combat: Ranged
   Weapons and Throwing.
   Companions: Summonings and Necromancy.
 I - a ring of positive energy
Wands
 h - a wand of flame (13)
 n - a wand of digging (9)
 q - a wand of paralysis (15)
 y - a wand of roots (6)
 B - a wand of polymorph (13)
Scrolls
 e - 2 scrolls of blinking
 g - 9 scrolls of teleportation
 j - 6 scrolls of enchant weapon
 s - 3 scrolls of vulnerability
 t - a scroll of fear
 u - a scroll of immolation
 v - 3 scrolls of poison
 D - 2 scrolls of amnesia
 F - a scroll of magic mapping
 J - 2 scrolls of enchant armour
Potions
 k - 2 potions of curing
 m - 2 potions of lignification
 w - a potion of invisibility
 z - 7 potions of flight
 A - a potion of cancellation
 E - 2 potions of haste
 G - a potion of resistance
 H - a potion of brilliance


   Skills:
 - Level 8.8(11.8) Fighting
 - Level 12.4(14.3) Maces & Flails
 - Level 1.5(2.9) Dodging
 - Level 3.0(4.7) Stealth
 - Level 12.7(15.6) Spellcasting
 - Level 1.0(3.1) Transmutations
 - Level 11.2(15.1) Poison Magic
 + Level 2.6 Evocations


You had 30 spell levels left.
You knew the following spells:

 Your Spells              Type           Power      Damage    Failure   Level
a - Sting                 Tmut/Pois      100%       1d8       1%          1
b - Olgreb's Toxic Radia  Pois           74%        N/A       1%          4
c - Poisonous Vapours     Pois/Air       100%       N/A       1%          2
d - Mephitic Cloud        Conj/Pois/Air  43%        N/A       1%          3
e - Ozocubu's Armour      Ice            20%        N/A       8%          3

Your spell library contained the following spells:

 Spells                   Type           Power      Damage    Failure   Level
 Beastly Appendage        Tmut           66%        N/A       1%          1
 Wereblood                Tmut           33%        N/A       1%          2
 Spider Form              Tmut/Pois      58%        N/A       1%          3
 Summon Small Mammal      Summ           84%        N/A       2%          1
 Call Canine Familiar     Summ           21%        N/A       7%          3
 Summon Guardian Golem    Hex/Summ       20%        N/A       8%          3
 Portal Projectile        Hex/Tloc       38%        N/A       9%          3
 Leda's Liquefaction      Hex/Erth       10%        N/A       26%         4
 Passage of Golubria      Tloc           19%        N/A       26%         4
 Silence                  Hex/Air        10%        N/A       58%         5
 Ozocubu's Refrigeration  Ice            10%        4d9       100%        7
 Lehudib's Crystal Spear  Conj/Erth      10%        10d4      100%        8


Dungeon Overview and Level Annotations

Branches:
Dungeon (11/15)            Temple (1/1) D:4            Lair (0/5) D:11
    Orc (2/2) D:11            Elf (0/3) Orc:2         Sewer (visited)

Altars:
Ashenzari
Cheibriados
Dithmenos
Elyvilon
Fedhas
Gozag
Hepliaklqana
Kikubaaqudgha
Makhleb
Nemelex Xobeh
Okawaru
Qazlal
Ru
Sif Muna
Trog
Uskayaw
Vehumet
Wu Jian
Xom
Yredelemnul
Zin
The Shining One

Shops:
D:4 [!   D:10 *   Orc:1 (   Orc:2 *[(

Annotations:
D:5 1 runed translucent door, fly's ghost, weakling DgDe
Orc:2 Azrael; Saint Roka


Innate Abilities, Weirdness & Mutations

Your serpentine skin is tough. (AC +4)
You have supernaturally acute eyesight. (SInv)
Armour fits poorly on your strangely shaped body.
Your system is resistant to poisons. (rPois)
You cover ground very slowly.
You can spit poison.
You can use your snake-like lower body to constrict enemies.


Message History

You constrict Saint Roka, but do no damage.
Saint Roka seems less confused.
Saint Roka is engulfed in noxious fumes.
Saint Roka hits you with a +0 great mace!!!
The orc priest is engulfed in noxious fumes.
The orc priest appears confused.
You bludgeon Saint Roka!! You burn Saint Roka.
Saint Roka is heavily wounded.
Saint Roka looks as sick as possible!
You constrict Saint Roka.
You kill the orc priest!
Saint Roka is engulfed in noxious fumes.
Saint Roka invokes the aid of Beogh against you.
Beogh smites you!
You hit Saint Roka but do no damage.
Saint Roka is severely wounded.
Saint Roka looks as sick as possible!
You constrict Saint Roka. You thump Saint Roka! You burn Saint Roka.
Saint Roka is severely wounded.
You constrict Saint Roka, but do no damage.
Saint Roka is engulfed in noxious fumes.
Saint Roka hits you with a +0 great mace!!
* * * LOW HITPOINT WARNING * * *
Unknown command.
You feel much better.
Your toxic aura wanes.
You constrict Saint Roka, but do no damage.
Saint Roka is engulfed in noxious fumes.
Saint Roka invokes the aid of Beogh against you.
Beogh smites you!
* * * LOW HITPOINT WARNING * * *
Press: ? - help, v - describe, . - travel
Here: Saint Roka, wielding a +0 great mace and wearing a +2 plate armour of willpower (noxious fumes, severely wounded, constricted by you, strong, extremely poisoned)
The floor, spattered with blood.
Unknown command.
Okay, then.
Okay, then.
You feel better.
You constrict Saint Roka.
Saint Roka is engulfed in noxious fumes.
Saint Roka hits you with a +0 great mace!!!
You die...

##* {, ,, * **, ,** .#### , ,*
,, ##### ....##8 ,, { ##...##
)....#...#..... ,, ##.....##
.....oo.{o.{{.., ###.......##
.....h.......{. ###...)......#
#.....8.8{....###......)8)...#
###.........###.o...)...)....#
..##○......##...@..##..))...##
*~
.............).†..####.....##
* ......8.8.))....### ##...##
###.........##### ##### *
#######'###########
.#...##°##..(#....# *#≈ ~
.#...##E##...#.##'##
######≈≈#~~
.##'###.###'##.#...#
##~#≈#≈≈≈≈~
..........#....#...###P~~≈≈#*
≈≈≈


You could see Saint Roka (strong, extremely poisoned).

Vanquished Creatures
  Josephine (Orc:1)
  An ettin (Orc:2)
  6 two-headed ogres
  An orc high priest (Orc:2)
  Lodul (D:11)
  3 orc sorcerers (Orc:2)
  5 orc knights (Orc:2)
  A cyclops (D:10)
  A rime drake (D:11)
  2 kobold demonologists (D:9)
  7 trolls
  A hornet (D:10)
  Sigmund (D:4)
  Eustachio (D:4)
  A shadow (D:10)
  6 wraiths (D:11)
  3 fire elementals (Orc:2)
  15 yaks
  A wyvern (D:10)
  2 steam dragons
  3 wargs
  An acid dragon (D:9)
  4 hell hounds (Orc:2)
  A water moccasin (D:9)
  4 ice beasts
  A black bear (D:6)
  33 orc warriors
  2 sky beasts
  2 wolves (D:11)
  21 ogres
  A phantom (D:5)
  A centaur (D:8)
  2 kobold brigands
  A bullfrog (D:6)
  A scorpion (D:6)
  5 killer bees (D:8)
  A howler monkey (D:5)
  3 jellies
  27 orc priests
  A gnoll bouda (D:8)
  3 iguanas
  Ijyb (D:4)
  23 orc wizards
  12 gnolls
  11 adders
  5 river rats (Sewer)
  A shadow imp (D:6)
  6 worms
  A dart slug (D:3)
  93 orcs
  7 ball pythons
  7 endoplasms
  7 giant cockroaches
  12 goblins
  11 hobgoblins
  8 jackals
  4 quokkas
  12 bats
  4 frilled lizards (Sewer)
  24 kobolds
  4 rats
431 creatures vanquished.

Vanquished Creatures (collateral kills)
  An acid dragon (D:9)
  An orc priest (D:9)
  An orc (D:9)
3 creatures vanquished.

Vanquished Creatures (others)
  A warg (Orc:2)
  An orc priest (Orc:2)
2 creatures vanquished.

Grand Total: 436 creatures vanquished

Notes
Turn   | Place    | Note
-------+----------+-------------------------------------------
     0 | D:1      | Nattfarinn the Naga Venom Mage began the quest for the Orb.
     0 | D:1      | Reached XP level 1. HP: 15/15 MP: 3/3
   261 | D:1      | Reached XP level 2. HP: 22/22 MP: 1/5
   842 | D:1      | Reached skill level 5 in Poison Magic
  1167 | D:2      | Reached XP level 3. HP: 28/28 MP: 4/6
  1372 | D:2      | Reached XP level 4. HP: 24/36 MP: 0/8
  1448 | D:2      | Learned a level 4 spell: Olgreb's Toxic Radiance
  2227 | D:2      | Found a radiant altar of Vehumet.
  2528 | D:3      | Reached XP level 5. HP: 32/42 MP: 0/9
  3149 | D:3      | Learned a level 2 spell: Poisonous Vapours
  3153 | D:3      | Learned a level 3 spell: Mephitic Cloud
  3223 | D:4      | Found Ilevuostreq's Weapon Boutique.
  3226 | D:4      | Noticed Sigmund
  3243 | D:4      | Killed Sigmund
  3244 | D:4      | Reached XP level 6. HP: 40/49 MP: 1/11
  3471 | D:4      | Found Xurhil's Armour Shoppe.
  3502 | D:4      | Bought a +0 cloak for 45 gold pieces
  3519 | D:4      | Noticed Eustachio
  3531 | D:4      | Killed Eustachio
  3532 | D:4      | Reached XP level 7. HP: 38/55 MP: 5/13
  3632 | D:4      | Found a staircase to the Ecumenical Temple.
  3636 | D:4      | Noticed Ijyb
  3651 | D:4      | HP: 2/55 [Ijyb/+2 club (8)]
  3652 | D:4      | Killed Ijyb
  3833 | Temple   | Entered the Ecumenical Temple
  3833 | Temple   | Found a transporter.
  3833 | Temple   | Found a transporter.
  3835 | Temple   | Found a transporter.
  3835 | Temple   | Found a transporter.
  3931 | D:4      | Found Qiathri's Distillery.
  3960 | D:4      | Bought a potion of curing for 36 gold pieces
  3960 | D:4      | Bought a potion of lignification for 36 gold pieces
  4163 | D:5      | Entered Level 5 of the Dungeon
  4181 | D:5      | Found a runed translucent door.
  4184 | D:5      | Noticed fly's ghost (weakling DgDe)
  4205 | D:5      | Found a bloodstained altar of Trog.
  4205 | D:5      | Found a shimmering blue altar of Sif Muna.
  4206 | D:5      | Found a glowing golden altar of the Shining One.
  4772 | D:5      | Reached skill level 10 in Poison Magic
  5180 | D:5      | Reached XP level 8. HP: 35/62 MP: 2/15
  5434 | D:6      | Identified a scroll of acquirement
  5434 | D:6      | Acquired the +4 pair of gloves of Wudopuhy {Dex+3}
  5457 | D:6      | Reached skill level 5 in Spellcasting
  5493 | D:6      | Identified the +9 flail "Daessary" {flame, rC+ Will+ Int-3}
  5566 | D:6      | Found a glowing drain.
  5585 | Sewer    | Entered a sewer
  6610 | D:6      | Reached skill level 1 in Fighting
  7348 | D:6      | Reached XP level 9. HP: 73/74 MP: 13/19
  7938 | Temple   | Became a worshipper of Ashenzari the Shackled
  8206 | D:7      | Identified the +10 short sword of Destiny {holy, rN+}
  8866 | D:7      | Found a snail-covered altar of Cheibriados.
  9818 | D:9      | Reached skill level 5 in Fighting
  9819 | D:9      | Reached XP level 10. HP: 64/88 MP: 8/23
 10073 | D:9      | Noticed a kobold demonologist
 10084 | D:9      | Killed a kobold demonologist
 10089 | D:9      | Reached skill level 10 in Spellcasting
 10160 | D:8      | Reached * piety under Ashenzari
 10493 | D:9      | Noticed a kobold demonologist
 10506 | D:9      | Killed a kobold demonologist
 10521 | D:9      | HP: 4/94 [acid dragon/splash of acid (10)]
 11035 | D:9      | Found a burning altar of Makhleb.
 11064 | D:9      | Reached ** piety under Ashenzari
 11143 | D:10     | Entered Level 10 of the Dungeon
 11210 | D:10     | Noticed a cyclops
 11227 | D:10     | Killed a cyclops
 11360 | D:10     | Reached XP level 11. HP: 98/106 MP: 23/28
 11814 | D:10     | Found Ruvusk's Assorted Antiques.
 11956 | D:11     | Reached *** piety under Ashenzari
 11992 | D:11     | Found a staircase to the Orcish Mines.
 12121 | D:11     | Noticed a two-headed ogre
 12132 | D:11     | Killed a two-headed ogre
 12270 | D:11     | Noticed a two-headed ogre
 12280 | D:11     | Killed a two-headed ogre
 12386 | D:11     | Found a staircase to the Lair.
 12388 | D:11     | Noticed Lodul
 12398 | D:11     | Killed Lodul
 12405 | D:11     | Reached skill level 1 in Maces & Flails
 12838 | Orc:1    | Entered Level 1 of the Orcish Mines
 12838 | Orc:1    | Noticed Josephine
 12838 | Orc:1    | Found Inum's Weapon Boutique.
 12887 | Orc:1    | Noticed a two-headed ogre
 13087 | D:11     | Killed a two-headed ogre
 13088 | D:11     | Reached skill level 5 in Maces & Flails
 13093 | D:11     | Reached XP level 12. HP: 53/120 MP: 12/31
 13166 | Orc:1    | Killed Josephine
 13620 | Orc:2    | Entered Level 2 of the Orcish Mines
 13646 | Orc:2    | Noticed a two-headed ogre
 13665 | Orc:2    | Killed a two-headed ogre
 13769 | Orc:2    | Noticed a two-headed ogre
 13778 | Orc:2    | Killed a two-headed ogre
 13792 | Orc:2    | Reached **** piety under Ashenzari
 14021 | Orc:2    | Noticed a two-headed ogre
 14041 | Orc:2    | Killed a two-headed ogre
 14431 | Orc:2    | Noticed an ettin
 14442 | Orc:2    | Noticed an orc high priest
 14445 | Orc:2    | Found Woklowe's Assorted Antiques.
 14446 | Orc:2    | Noticed a soul eater
 14690 | Orc:1    | Upgraded the game from 0.30-a0-373-gd37427bb62 to
                  | 0.30-a0-374-g95c0257040
 14766 | Orc:2    | Found Jiney's Antique Weapon Boutique.
 14780 | Orc:2    | Reached skill level 10 in Maces & Flails
 15226 | Orc:2    | Found Myshoila's Armour Shop.
 15663 | Orc:2    | Found a staircase to the Elven Halls.
 15674 | Orc:2    | Gained mutation: You can use your snake-like lower body to
                  | constrict enemies. [Naga growth]
 15674 | Orc:2    | Reached XP level 13. HP: 128/128 MP: 32/32
 15889 | Orc:2    | Noticed Azrael
 15906 | Orc:2    | Killed an ettin
 16039 | Orc:2    | Learned a level 3 spell: Ozocubu's Armour
 16341 | Orc:2    | Reached skill level 1 in Evocations
 16453 | Orc:2    | Noticed Saint Roka
 16489 | Orc:2    | Slain by Saint Roka

Illustrated notes

Levels and vault maps discovered:
D:1:      lightli_arrival_quake, layout_loops_cross,
          hangedman_abyss_or_decor_stabs, nicolae_concentric_dashed_squares_mild
D:2:      layout_basic, basic_altar, serial_rivers,
          chequers_serial_rivers_marsh, chequers_serial_rivers_micro_c,
          chequers_serial_rivers_micro_d, chequers_serial_rivers_micro_b
D:3:      layout_basic, minmay_circle_x
D:4:      layout_rooms, minmay_temple_entry_wispy, serial_shops,
          nicolae_shop_bloodbath_and_beyond, nicolae_diamond_shop, shop,
          uniq_eustachio, uniq_ijyb, uniq_sigmund
D:5:      layout_loops_corners, gammafunk_temple_overflow_forgotten,
          hellmonk_ghost_happy_afterlife
D:6:      layout_layer_cave, cheibrodos_sewer_entry_bend
D:7:      layout_loops_corners, cheibriados_altar_1
D:8:      layout_gridville
D:9:      layout_loops_cross, lightli_temple_of_fire, nicolae_hexahallways,
          statue_in_the_mist_lemuel
D:10:     layout_cave_pools, serial_shops, nicolae_take_the_stairs
D:11:     layout_loops_ring, hellmonk_lair_entry_icy,
          minmay_orc_entry_temple_small, uniq_lodul
Temple:   hellmonk_temple_divided_pantheon
Orc:1:    layout_caves, serial_shops, shop, uniq_josephine
Orc:2:    pubby_orc_utopia, uniq_azrael

Skill      XL: |  1  2  3  4  5  6  7  8  9 10 11 12 13 |
---------------+----------------------------------------+-----
Poison Magic   | 5 6 8 10 11 | 11.2
Spellcasting   | 3 4 6 9 11 12 | 12.7
Fighting       | 2 5 7 8 |  8.8
Maces & Flails | 5 11 12 | 12.4
Evocations     | 2 |  2.6
Dodging        | |  1.5
Stealth        | |  3.0
Transmutations | |  1.0

Action                   |  1- 3 |  4- 6 |  7- 9 | 10-12 | 13-15 || total
-------------------------+-------+-------+-------+-------+-------++-------
Melee: Unarmed           |    36 |       |       |       |       ||    36
       Whip              |       |    37 |   149 |    14 |       ||   200
       Punch             |       |       |     4 |     8 |       ||    12
       Flail             |       |       |       |   269 |    32 ||   301
       Constrict         |       |       |       |       |     8 ||     8
 Cast: Sting             |    59 |    59 |    93 |    20 |       ||   231
       Olgreb's Toxic Ra |       |     4 |    29 |    52 |    11 ||    96
       Poisonous Vapours |       |     1 |    11 |   104 |    14 ||   130
       Mephitic Cloud    |       |     1 |     8 |    28 |     6 ||    43
       Ozocubu's Armour  |       |       |       |       |     1 ||     1
Invok: Curse Item        |       |       |     1 |     5 |     1 ||     7
Evoke: Wand              |       |       |     1 |     1 |     1 ||     3
  Use: Potion            |     2 |     5 |     1 |     1 |     4 ||    13
       Scroll            |     1 |       |    15 |     5 |     2 ||    23
 Stab: Sleeping          |       |       |     3 |       |       ||     3
       Paralysed         |       |       |     1 |     2 |       ||     3
       Confused          |       |       |     1 |     3 |     1 ||     5
Armor: Robe              |     9 |    18 |    78 |       |       ||   105
       Steam dragon scal |       |       |    12 |   121 |    13 ||   146
Dodge: Dodged            |    19 |    24 |   111 |   172 |    21 ||   347

Table legend: (Time is in decaauts)
 A = Elapsed time spent in this place.
 B = Non-inter-level travel time spent in this place.
 C = Inter-level travel time spent in this place.
 D = Time resting spent in this place.
 E = Time spent auto-exploring this place.
 F = Levels seen in this place.
 G = Mean time per level.
                   A        B        C        D        E       F      G
               +--------+--------+--------+--------+--------+-----+--------+
         Total |  20487 |  19278 |   1209 |   2555 |  13789 |  15 | 1365.8 |
       Dungeon |  15469 |  14392 |   1077 |   1263 |  11311 |  11 | 1406.3 |
        Temple |     92 |     36 |     56 |      0 |      7 |   1 |   92.0 |
  Orcish Mines |   3684 |   3608 |     76 |   1169 |   1677 |   2 | 1842.0 |
         Sewer |   1241 |   1241 |      0 |    122 |    793 |   1 | 1241.0 |
               +--------+--------+--------+--------+--------+-----+--------+

Top non-repeatable levels by time:
   Orc:2: 2842 daAuts
     D:6: 1972 daAuts
     D:5: 1687 daAuts
    D:11: 1567 daAuts
     D:1: 1499 daAuts
     D:7: 1447 daAuts
     D:8: 1363 daAuts
     D:9: 1326 daAuts
     D:2: 1250 daAuts
   Sewer: 1241 daAuts
     D:3: 1181 daAuts
     D:4: 1124 daAuts
    D:10: 1049 daAuts
   Orc:1: 841 daAuts
  Temple: 92 daAuts
